 Dungeon Crawl Stone Soup version 0.30.1-9-gdf580d7c3d (webtiles) character file.

Game seed: 2661973390323261684

165 lonewolfV2 the Shield-Bearer (level 5, -4/63 HPs)
             Began as a Formicid Fighter on Sept 27, 2023.
             Slain by Natasha (6 damage)
             ... on level 3 of the Dungeon.
             The game lasted 00:02:34 (2295 turns).

lonewolfV2 the Shield-Bearer (Formicid Fighter)     Turns: 2295, Time: 00:02:35

Health: -4/63      AC: 22    Str: 23    XL:     5   Next: 75%
Magic:  5/5        EV:  2    Int:  7    God:
Gold:   121        SH:  5    Dex: 13    Spells: 4/4 levels left

rFire   . . .        a - +0 war axe
rCold   . . .        c - +0 buckler
rNeg    . . .        b - melded +0 scale mail
rPois   +            (helmet unavailable)
rElec   .            (cloak currently unavailable)
rCorr   .            (gloves currently unavailable)
SInv    .            (boots currently unavailable)
Will    .....        (no amulet)
Stlth   +            (no ring)
HPRegen 0.30/turn    (no ring)
MPRegen 0.09/turn

%: no passive effects
@: mighty, tree-form
A: stationary, stasis, torment immunity, boosted hp, permanent stasis, dig
shafts and tunnels, (antennae 3), four strong arms
a: no special abilities


You were on level 3 of the Dungeon.
You were a tree.
You visited 1 branch of the dungeon, and saw 3 of its levels.

You collected 121 gold pieces.

Inventory:

Hand Weapons
 a - a +0 war axe (weapon)
Armour
 b - a +0 scale mail (melded)
 c - a +0 buckler (worn)
Scrolls
 e - 2 scrolls of teleportation
 k - a scroll of immolation
Potions
 h - 2 potions of mutation
 j - a potion of attraction
 m - a potion of magic {unknown}


   Skills:
 + Level 4.1 Fighting
 + Level 3.6 Axes
 + Level 4.1 Armour
 + Level 0.9 Dodging
 + Level 4.8 Shields


You had 4 spell levels left.
You didn't know any spells.
Your spell library contained the following spells:

 Spells                   Type           Power      Damage    Failure   Level
 Ensorcelled Hibernation  Hex/Ice        0%         N/A       63%         2
 Spider Form              Tmut/Pois      0%         N/A       86%         3
 Anguish                  Hex/Necr       0%         N/A       99%         4


Dungeon Overview and Level Annotations

Branches:
Dungeon (3/15)

Altars:

Annotations:
D:3 1 transporter, Natasha; mortz's ghost, amateur KoCj


Innate Abilities, Weirdness & Mutations

You are a tree.
Your roots penetrate the ground, keeping you stationary.
You cannot be teleported.
You are immune to unholy pain and torment.
Your maximum health is greatly increased.
Your equipment is partially melded.
You cannot be hasted, slowed, berserked, paralysed or teleported.
You can dig through walls and to a lower floor.
((You have a pair of large antennae on your head. (SInv)))
Your four strong arms can wield two-handed weapons with a shield.


Message History

The cerulean imp hits you from afar with a +1 spear.
* * * LOW HITPOINT WARNING * * *
Natasha zaps a wand.
The roots erupt in riotous growth!
The grasping roots grab you!
Natasha is unaffected.
The grasping roots constrict you.
* * * LOW HITPOINT WARNING * * *
You hit Natasha.
Natasha is heavily wounded.
The cerulean imp hits you but does no damage.
Natasha casts a spell.
The grasping roots constrict you.
* * * LOW HITPOINT WARNING * * *
You barely miss Natasha.
Natasha is heavily wounded.
You hit the cerulean imp.
The cerulean imp disappears in a puff of smoke!
The cerulean imp hits you from afar with a +1 spear.
* * * LOW HITPOINT WARNING * * *
Natasha extends her claws.
Natasha completely misses you. The grasping roots constrict you.
The cerulean imp hits you but does no damage. x2
The grasping roots release their grip on you.
You closely miss Natasha.
Natasha is heavily wounded.
You barely miss the cerulean imp. Natasha claws you but does no damage.
The cerulean imp hits you with a +0 spear.
* * * LOW HITPOINT WARNING * * *
You block the cerulean imp's attack.
Natasha stares at you and mumbles some strange words.
The magic dart hits you but does no damage.
You completely miss Natasha.
Natasha is heavily wounded.
You slash the cerulean imp!
You kill the cerulean imp!
The cerulean imp disappears in a puff of smoke! x2
Natasha claws you but does no damage.
You closely miss Natasha.
Natasha is heavily wounded.
Natasha claws you.
You die...

*,##.≈≈....,,,,,,*
*,g#.≈≈.#'##***#.#
*,##.≈≈....,,,*#.#
*,#..≈≈....,,,*#.#
+,#©.~~,...,,,*#.#
*,#..≈≈.....,,*#.#
*,**,~~,,,,,,,*#§#
*,©*,~~,,,,,,,*#h#
+,**,~~,,,,,,,*#♣#
*,*,,~~,*+*****#.#
#,***~~,*,* #.#
,,,,*~~,*,* #.#
##,**~~,*,* #.#
8#.,*~~,*,* #.#
.###*~~,#.# #.#
≈≈≈≈~~~,#.# #.#
≈≈≈~~~~,#.# #.#


You could see Natasha.

Vanquished Creatures
  Natasha (twice) (D:3)
  An iguana (D:3)
  A gnoll (D:1)
  3 adders
  A worm (D:2)
  4 orcs (D:3)
  5 bats
  5 endoplasms
  3 hobgoblins
  6 kobolds
  2 quokkas
  4 ball pythons
  2 frilled lizards
  5 goblins
  4 rats
48 creatures vanquished.

Notes
Turn   | Place    | Note
-------+----------+-------------------------------------------
     0 | D:1      | lonewolfV2 the Formicid Fighter began the quest for the
                  | Orb.
     0 | D:1      | Reached XP level 1. HP: 18/18 MP: 1/1
    46 | D:1      | Reached XP level 2. HP: 18/24 MP: 2/2
   381 | D:1      | Reached XP level 3. HP: 29/29 MP: 3/3
  1340 | D:2      | Found a faded altar of an unknown god.
  1487 | D:2      | Reached XP level 4. HP: 30/37 MP: 4/4
  2004 | D:3      | Noticed Natasha
  2007 | D:3      | Found a transporter.
  2015 | D:3      | Killed Natasha
  2016 | D:3      | Reached XP level 5. HP: 22/42 MP: 5/5
  2095 | D:3      | Noticed mortz's ghost (amateur KoCj)
  2134 | D:3      | Noticed Natasha
  2140 | D:3      | Killed Natasha
  2269 | D:3      | Noticed Natasha
  2281 | D:3      | HP: 1/42 [cerulean imp/+1 spear[Natasha] (3)]
  2290 | D:3      | HP: 3/63 [constriction (2)]
  2295 | D:3      | Slain by Natasha

Illustrated notes

Levels and vault maps discovered:
D:1:      minmay_arrival_glassed_features, layout_basic, dk_noncrumbling_4,
          palyth_stone_intersect, nicolae_figureground_pulse
D:2:      layout_basic, chequers_ecumenical_altar_simple, minmay_vboxes
D:3:      layout_basic, portal_sewer_entry_a, gammafunk_ghost_gnarly_gnolls,
          uniq_ijyb, uniq_grinder, uniq_natasha, uniq_jessica

Skill      XL: |  1  2  3  4  5 |
---------------+----------------+-----
Fighting       | 4 |  4.1
Axes           | 3 |  3.6
Armour         | 4 |  4.1
Dodging        | |  0.9
Shields        | |  4.8

Action                     |  1- 3 |  4- 6 || total
---------------------------+-------+-------++-------
  Melee: War axe           |    54 |    77 ||   131
Ability: Dig               |     2 |       ||     2
    Use: Scroll            |     6 |     5 ||    11
         Potion            |       |     5 ||     5
 Armour: Scale mail        |    16 |    36 ||    52
         Skin              |       |     9 ||     9
  Dodge: Dodged            |    24 |    38 ||    62
  Block: Buckler           |    15 |    26 ||    41
